 Dungeon Crawl Stone Soup version 0.28-a0-474-g535839065c (webtiles) character file.

Game seed: 2001991582831671255

30 EmilyW the Shield-Bearer (level 3, -5/33 HPs)
             Began as a Minotaur Fighter on Sept 15, 2021.
             Slain by Natasha (8 damage)
             ... on level 3 of the Dungeon.
             The game lasted 00:02:18 (1234 turns).

EmilyW the Shield-Bearer (Minotaur Fighter)         Turns: 1234, Time: 00:02:18

Health: -5/33      AC:  8    Str: 20    XL:     3   Next: 3%
Magic:  2/2        EV:  9    Int:  5    God:
Gold:   20         SH:  4    Dex: 10    Spells: 2/2 levels left

rFire   . . .      SeeInvis .   a - +0 war axe
rCold   . . .      Faith    .   c - +0 buckler
rNeg    . . .      Spirit   .   b - +0 scale mail
rPois   .          Reflect  .   (helmet restricted)
rElec   .          Harm     .   (no cloak)
rCorr   .          Rampage  .   e - +0 pair of gloves
Will    .....                   (no boots)
Stlth   ..........              (no amulet)
HPRegen 0.11/turn               (no ring)
MPRegen 0.08/turn               (no ring)

@: mighty
A: horns 2, retaliatory headbutt
a: no special abilities


You were on level 3 of the Dungeon.
You visited 1 branch of the dungeon, and saw 3 of its levels.

You collected 20 gold pieces.

Inventory:

Hand Weapons
 a - a +0 war axe (weapon)
Armour
 b - a +0 scale mail (worn)
 c - a +0 buckler (worn)
 e - a +0 pair of gloves (worn)
Scrolls
 f - a scroll of identify {unknown}
 g - a scroll of magic mapping {unknown}
 h - a scroll of immolation {unknown}
 k - a scroll of summoning {unknown}
Potions
 i - a potion of mutation {unknown}
 j - a potion of attraction {unknown}


   Skills:
 + Level 4.0 Fighting
 + Level 2.8 Axes
 + Level 4.1 Armour
 + Level 4.1 Shields


You had 2 spell levels left.
You didn't know any spells.
Your spell library was empty.

Dungeon Overview and Level Annotations

Branches:
Dungeon (3/15)

Altars:

Annotations:
D:3 Natasha


Innate Abilities, Weirdness & Mutations

You have a pair of horns on your head.
You reflexively headbutt those who attack you in melee.


Message History

The ball python constricts you.
You closely miss the ball python. Your headbutt misses the ball python.
You completely miss Natasha.
The ball python bites you but does no damage.
The ball python constricts you. You block Natasha's attack.
You block the ball python's attack. The ball python constricts you.
You hit the ball python.
You kill the ball python!
You hit Natasha but do no damage. You hit the white imp but do no damage.
Natasha claws you!
The white imp hits you but does no damage.
Natasha claws you.
The white imp hits you but does no damage.
Natasha stares at you and mumbles some strange words.
The magic dart hits you.
You see here a ball python corpse.
The white imp picks up a beetle and eats it.
The white imp barely misses you. Natasha claws you but does no damage.
The white imp hits you. The white imp freezes you.
Natasha claws you but does no damage.
You see here a ball python corpse.
You closely miss Natasha. Your headbutt misses Natasha.
You completely miss the white imp.
The white imp hits you but does no damage.
Natasha claws you.
You slash Natasha!
Natasha is severely wounded.
You completely miss the white imp. The white imp completely misses you.
Natasha stares at you and mumbles some strange words.
The magic dart hits you.
* * * LOW HITPOINT WARNING * * *
The white imp gestures at you. The puff of frost hits you!
* * * LOW HITPOINT WARNING * * *
You feel very mighty all of a sudden. Natasha claws you but does no damage.
The white imp barely misses you.
You barely miss Natasha.
Natasha is severely wounded.
You hit the white imp. Natasha claws you!
You die...

#..# # ### ##># # #..
..# ## #$############.#
... #.#..........#.#
.... #.#.########.#.#
..... #.#........#.#..
......##5########.#.#.#
........@......##.#.#.#
......##h#####.##.#.#.#
..... #o# #.#....#.#
#### #.# #.####.#.###
#.# #......#....
#.########.###..##
................#
#.########.####.# #.#
#.#


You could see Natasha, a white imp (summoned) and an orc.

Vanquished Creatures
  3 dart slugs
  4 ball pythons
  An endoplasm (D:1)
  2 giant cockroaches
  A goblin (D:1)
  A hobgoblin (D:3)
  2 jackals (D:1)
  2 quokkas
  2 bats
  A frilled lizard (D:1)
  2 kobolds (D:1)
  A rat (D:1)
22 creatures vanquished.

Notes
Turn   | Place    | Note
-------+----------+-------------------------------------------
     0 | D:1      | EmilyW the Minotaur Fighter began the quest for the Orb.
     0 | D:1      | Reached XP level 1. HP: 19/19 MP: 0/0
    83 | D:1      | Reached XP level 2. HP: 26/27 MP: 1/1
  1187 | D:3      | Reached XP level 3. HP: 33/33 MP: 2/2
  1222 | D:3      | Noticed Natasha
  1234 | D:3      | Slain by Natasha

Illustrated notes

Levels and vault maps discovered:
D:1:      wheals_arrival_shading, layout_basic, chequers_serial_rivers_large_a
D:2:      layout_basic, serial_shops, nicolae_shop_crystal
D:3:      lemuel_castle_with_subvaults [lemuel_castle_interior_carwin_2],
          layout_basic, okawaru_trees_1, shapermc_ecumenical_altar_petra,
          eino_tiny_chamber, uniq_natasha

Skill      XL: |  1  2 |
---------------+-------+-----
Armour         | 4 |  4.1
Shields        | 4 |  4.1
Fighting       | 4 |  4.0
Axes           | |  2.8

Action                   || total
-------------------------++-------
Melee: War axe           ||    54
       Headbutt          ||     3
  Use: Potion            ||     1
Armor: Scale mail        ||    37
Dodge: Dodged            ||    25
Block: Buckler           ||    16

Table legend: (Time is in decaauts)
 A = Elapsed time spent in this place.
 B = Non-inter-level travel time spent in this place.
 C = Inter-level travel time spent in this place.
 D = Time resting spent in this place.
 E = Time spent auto-exploring this place.
 F = Levels seen in this place.
 G = Mean time per level.
                   A        B        C        D        E       F      G
               +--------+--------+--------+--------+--------+-----+--------+
         Total |   1264 |   1211 |     53 |     45 |    847 |   3 |  421.3 |
       Dungeon |   1264 |   1211 |     53 |     45 |    847 |   3 |  421.3 |
               +--------+--------+--------+--------+--------+-----+--------+

Top non-repeatable levels by time:
     D:1: 994 daAuts
     D:3: 234 daAuts
     D:2: 35 daAuts
